 Dungeon Crawl Stone Soup version 0.23.2-30-g0e89c35649 (webtiles) character file.

Game seed: 3530992675980293637

145 dvd the Chucker (level 5, 0/53 HPs)
             Began as an Ogre Hunter on June 16, 2019.
             Was an Initiate of Okawaru.
             Slain by an orc wizard
             ... wielding a +0 dagger
              (1 damage)
             ... on level 3 of the Dungeon.
             The game lasted 00:04:40 (1951 turns).

dvd the Chucker (Ogre Hunter)                       Turns: 1951, Time: 00:04:40

Health: 0/53       AC:  3    Str: 16    XL:     5   Next: 27%
Magic:  5/5        EV: 10    Int: 12    God:    Okawaru [......]
Gold:   73         SH:  0    Dex: 10    Spells: 4/4 levels left

rFire    . . .     SeeInvis .   g - +0 whip
rCold    . . .     Gourm    .   (no shield)
rNeg     . . .     Faith    .   b - +0 robe
rPois    .         Spirit   .   (helmet restricted)
rElec    .         Reflect  .   (no cloak)
rCorr    .         Harm     .   (gloves unavailable)
MR       .....                  (boots unavailable)
Stlth    +.........             (no amulet)
HPRegen  0.17/turn              n - +3 ring of slaying
MPRegen  0.09/turn              (no ring)

@: slowed, very slow
A: large, unfitting armour, tough skin 1
a: Renounce Religion


You were on level 3 of the Dungeon.
You worshipped Okawaru.
Okawaru was noncommittal.
You were hungry.

You visited 1 branch of the dungeon, and saw 3 of its levels.

You collected 73 gold pieces.

Inventory:

Hand Weapons
 a - a +0 short sword
 g - a +0 whip (weapon)
Missiles
 m - a large rock (quivered)
Armour
 b - a +0 robe (worn)
Jewellery
 n - a +3 ring of slaying (left hand)
Scrolls
 e - 3 scrolls of remove curse {unknown}
 k - 4 scrolls of immolation {unknown}
 l - 2 scrolls of identify {unknown}
Potions
 d - a potion of haste {unknown}
 h - a potion of might {unknown}
 i - a potion of flight {unknown}
 j - a potion of heal wounds {unknown}
 o - a potion of resistance {unknown}
Comestibles
 c - 8 chunks of flesh
 f - 8 rations


   Skills:
 + Level 3.3 Fighting
 + Level 1.7 Maces & Flails
 + Level 5.5 Throwing
 + Level 2.1 Dodging
 + Level 1.0 Stealth


You had 4 spell levels left.
You didn't know any spells.
Your spell library contained the following spells:

 Spells                   Type           Power        Failure   Level  Hunger
 Animate Skeleton         Necr           N/A          32%         1    ##.....
 Apportation              Tloc           #.....       32%         1    ##.....
 Confusing Touch          Hex            #.....       32%         1    ##.....
 Summon Small Mammal      Summ           #...         32%         1    ##.....


Dungeon Overview and Level Annotations

Branches:
Dungeon (3/15)

Altars:
Nemelex Xobeh
Okawaru
Ru
Uskayaw


Innate Abilities, Weirdness & Mutations

You are too large for most types of armour.
You have tough skin. (AC +1)


Message History

The orc wizard casts a spell.
The orc wizard blinks!
The orc barely misses you.
The orc wizard casts a spell.
The orc wizard blinks!
You are feeling hungry.
The orc barely misses you.
Items here: )) ††† a +0 short sword; a +0 club; an orc corpse; a hobgoblin corpse; a bat corpse You hit the orc wizard.
The orc wizard is heavily wounded.
The orc barely misses you.
The orc wizard points at you and mumbles some strange words.
The puff of flame hits you!
* * * LOW HITPOINT WARNING * * *
You hit the orc wizard.
The orc wizard is heavily wounded.
The orc hits you from afar with a +0 trident.
* * * LOW HITPOINT WARNING * * *
The orc wizard hits you with a +0 dagger.
You die...

..###.# #.# ....#.#
#.# ..#.#.# #.#
#.#.#.# #.# #.#.#(#
#.# #.#.#.# #.#
.##.#.# #####.#
.##.#.#
#.....#########
.##.#.#
#.#.oooo@)....#
.##.#.#
#.#.#########.#
.#....###.#.##
..........(..#
.#....###.#g.#
.##.#.# #..o.#
.#....# #...o########
.#>...###....o.......
#...##......(..####


You could see 2 orc wizards and 2 orcs.

Vanquished Creatures
  An orc priest (D:3)
  4 adders (D:2)
  A dart slug (D:2)
  6 orcs (D:3)
  4 giant cockroaches
  15 goblins
  9 hobgoblins
  2 jackals (D:3)
  8 kobolds
  A quokka (D:2)
  8 bats
  2 frilled lizards (D:2)
  8 rats
69 creatures vanquished.

Notes
Turn   | Place    | Note
-------+----------+-------------------------------------------
     0 | D:1      | dvd the Ogre Hunter began the quest for the Orb.
     0 | D:1      | Reached XP level 1. HP: 22/22 MP: 1/1
    78 | D:1      | Reached XP level 2. HP: 29/29 MP: 2/2
   421 | D:1      | Reached XP level 3. HP: 26/36 MP: 3/3
   454 | D:1      | Found a sparkling altar of Nemelex Xobeh.
   763 | D:2      | Reached skill level 5 in Throwing
  1031 | D:2      | Reached skill level 1 in Stealth
  1031 | D:2      | Reached XP level 4. HP: 37/44 MP: 4/4
  1099 | D:2      | Reached skill level 1 in Maces & Flails
  1464 | D:2      | Found a hide-covered altar of Uskayaw.
  1465 | D:2      | Found a sacrificial altar of Ru.
  1670 | D:3      | Found an iron altar of Okawaru.
  1673 | D:3      | Became a worshipper of Warmaster Okawaru
  1743 | D:3      | Reached XP level 5. HP: 40/53 MP: 5/5
  1951 | D:3      | HP: 1/53 [orc/+0 trident (6)]
  1951 | D:3      | Slain by an orc wizard

Skill      XL: |  1  2  3  4 |
---------------+-------------+-----
Throwing       | 5 |  5.5
Stealth        | 1 |  1.0
Fighting       | 3 |  3.3
Maces & Flails | 1 |  1.7
Dodging        | 2 |  2.1

Action                   |  1- 3 |  4- 6 || total
-------------------------+-------+-------++-------
Melee: Short sword       |     2 |       ||     2
       Whip              |    57 |    67 ||   124
Throw: Large rock        |    50 |    19 ||    69
       Throwing net      |     3 |       ||     3
  Eat: Chunk             |       |     3 ||     3
Armor: Robe              |    22 |    21 ||    43
Dodge: Dodged            |    47 |    55 ||   102
